 Dungeon Crawl Stone Soup version 0.27-a0-1144-g0b7d3b79db (webtiles) character file.

Game seed: 7705910528314485438

2987 leviel the Cleaver (level 9, -7/118 HPs)
             Began as a Minotaur Fighter on May 10, 2021.
             Was a Believer of Fedhas.
             Mangled by a two-headed ogre
             ... wielding a +0 giant spiked club
              (9 damage)
             ... on level 7 of the Dungeon.
             The game lasted 00:10:32 (8546 turns).

leviel the Cleaver (Minotaur Fighter)               Turns: 8546, Time: 00:10:33

Health: -7/118     AC:  7    Str: 24    XL:     9   Next: 53%
Magic:  12/12      EV:  8    Int:  5    God:    Fedhas [**....]
Gold:   154        SH:  9    Dex: 10    Spells: 8/8 levels left

rFire    + . .     SeeInvis .   a - +0 war axe (flame)
rCold    . . .     Faith    .   c - +0 kite shield
rNeg     . . .     Spirit   .   k - +2 ring mail {rF+}
rPois    +         Reflect  .   (helmet restricted)
rElec    .         Harm     .   (no cloak)
rCorr    .         Rampage  .   (no gloves)
Will     .....                  (no boots)
Stlth    ..........             (no amulet)
HPRegen  0.29/turn              q - ring of poison resistance
MPRegen  0.13/turn              (no ring)

@: berserking, very quick
A: horns 2, retaliatory headbutt
a: Renounce Religion, Wall of Briars


You were on level 7 of the Dungeon.
You worshipped Fedhas.
Fedhas was pleased with you.
You visited 1 branch of the dungeon, and saw 7 of its levels.

You collected 466 gold pieces.
You spent 312 gold pieces at shops.

Inventory:

Hand Weapons
 a - a +0 war axe of flaming (weapon)
 i - a +0 dagger of venom
Armour
 c - a +0 kite shield (worn)
 k - a +2 ring mail of fire resistance (worn)
Jewellery
 q - a ring of poison resistance (left hand)
 y - a +6 ring of dexterity
Wands
 b - a wand of flame (9)
 w - a wand of iceblast (26)
Scrolls
 h - 2 scrolls of immolation
 j - 2 scrolls of brand weapon
 n - a scroll of fear
 o - 3 scrolls of amnesia
 p - a scroll of enchant weapon
 t - a scroll of blinking
 u - a scroll of magic mapping
Potions
 d - a potion of might
 f - 2 potions of brilliance
 l - 5 potions of lignification
 r - 2 potions of haste
 s - 3 potions of attraction
 v - a potion of ambrosia
 A - a potion of mutation
 B - a potion of flight
 C - 2 potions of cancellation


   Skills:
 - Level 7.3 Fighting
 * Level 12.2 Axes
 - Level 4.2 Armour
 - Level 0.1 Stealth
 - Level 4.0 Shields
 + Level 5.8 Invocations


You had 8 spell levels left.
You didn't know any spells.
Your spell library contained the following spells:

 Spells                   Type           Power      Damage    Failure   Level
 Beastly Appendage        Tmut           0%         N/A       97%         1
 Foxfire                  Conj/Fire      0%         2x1d4     97%         1
 Wereblood                Tmut           0%         N/A       99%         2
 Conjure Flame            Conj/Fire      0%         6-21      100%        3
 Inner Flame              Hex/Fire       0%         N/A       100%        3
 Spider Form              Tmut/Pois      0%         N/A       100%        3
 Ice Form                 Ice/Tmut       0%         N/A       100%        4
 Sticky Flame             Conj/Fire      0%         2d3       100%        4
 Fireball                 Conj/Fire      0%         3d3       100%        5
 Hydra Form               Tmut           0%         N/A       100%        5


Dungeon Overview and Level Annotations

Branches:
Dungeon (7/15)
 Temple: D:4-7

Altars:
Ashenzari
Fedhas
Zin

Shops:
D:4 :   D:5 !   D:6 [

Annotations:
D:5 Pikel


Innate Abilities, Weirdness & Mutations

You have a pair of horns on your head.
You reflexively headbutt those who attack you in melee.


Message History

The phantom is severely damaged.
You block the phantom's attack.
A two-headed ogre comes into view.
It is wielding a +0 giant spiked club and a +0 giant club.
You barely miss the phantom.
The two-headed ogre shouts in stereo!
You headbutt the phantom!
You destroy the phantom!
Fedhas accepts your kill.
You hear two shouts!
The deep elf pyromancer casts a spell at you.
The bolt of fire hits you!! You resist.
* * * LOW HITPOINT WARNING * * *
The tree burns like a torch!
As you read the scroll of fog, it crumbles to dust.
The scroll dissolves into smoke.
Okay, then.
A red film seems to cover your vision as you go berserk!
You feel yourself moving faster!
You feel mighty!
You slash the two-headed ogre! You burn the two-headed ogre.
The two-headed ogre is moderately wounded.
The two-headed ogre hits you with a +0 giant spiked club!
* * * LOW HITPOINT WARNING * * *
The two-headed ogre hits you with a +0 giant club!
* * * LOW HITPOINT WARNING * * *
You slash the two-headed ogre! You burn the two-headed ogre.
The two-headed ogre is heavily wounded.
You barely miss the troll. You slash the two-headed ogre!
You burn the two-headed ogre. You block the troll's attack.
The troll claws you.
* * * LOW HITPOINT WARNING * * *
The troll claws you!
* * * LOW HITPOINT WARNING * * *
You slash the two-headed ogre! You burn the two-headed ogre.
The two-headed ogre is almost dead.
You slash the two-headed ogre! You burn the two-headed ogre!
You slash the troll! You burn the troll.
You block the two-headed ogre's attack.
The two-headed ogre barely misses you. x2
The two-headed ogre hits you with a +0 giant club!
You die...
Fedhas appreciates your contribution to the ecosystem.

#### ... #. #.#
#..# #. ♣.♣♣ #..#
#. ♣♣..♣♣ #..# #.
♣eT§e♣ #..# #.
♣♣..♣♣§T♣♣♣ #♣
#..# #. ♣♣.e♣♣
♣§@§♣ #.♣ #..###.
# ♣♣T.♣ ♣♣OO♣ ♣g♣
#..#... #○#♣♣.§♣♣
♣§§♣♣#♣♣.♣♣#..#...
☼☼☼.§♣
♣§♣♣.....†........
#○#♣E.♣♣
O♣♣..#♣♣.♣♣#...##'
♣♣§.♣# ♣♣..♣ ♣.♣
#...#.. ♣♣..♣#
♣♣..♣♣#.♣ #...#..
♣♣..♣♣♣♣..♣♣ #♣
#...#.. ♣♣..♣♣..♣♣
#...#..


You could see 2 two-headed ogres, a deep elf pyromancer and a troll.

Vanquished Creatures
  Grinder (D:6)
  2 water moccasins
  An orc warrior (D:7)
  Duvessa (D:6)
  A sky beast (D:6)
  An ice beast (D:7)
  3 ogres
  A black bear (D:6)
  3 necrophages
  3 centaurs
  3 lemures
  2 phantoms
  A bullfrog (D:7)
  3 scorpions
  Dowan (D:6)
  A wyvern skeleton (D:6)
  4 wights
  A bullfrog zombie (D:6)
  A jelly (D:5)
  3 centaur skeletons
  2 hounds
  An orc priest (D:7)
  2 bullfrog skeletons
  Ijyb (D:5)
  7 orc wizards
  A hound skeleton (D:5)
  2 howler monkey zombies (D:6)
  6 adders
  A white imp (D:5)
  An ufetubus (D:6)
  5 worms
  3 dart slugs
  18 orcs
  8 ball pythons
  5 endoplasms
  A giant cockroach (D:2)
  5 goblins
  4 hobgoblins
  4 jackals (D:2)
  9 kobolds
  2 quokkas
  9 bats
  2 frilled lizards
  4 rats
140 creatures vanquished.

Notes
Turn   | Place    | Note
-------+----------+-------------------------------------------
     0 | D:1      | leviel the Minotaur Fighter began the quest for the Orb.
     0 | D:1      | Reached XP level 1. HP: 19/19 MP: 0/0
   293 | D:1      | Found a faded altar of an unknown god.
   372 | D:1      | Reached XP level 2. HP: 21/27 MP: 1/1
   966 | D:2      | Reached XP level 3. HP: 5/33 MP: 2/2
  1368 | D:2      | Reached skill level 3 in Axes
  1686 | D:2      | Reached skill level 4 in Axes
  1737 | D:2      | Reached XP level 4. HP: 35/40 MP: 3/3
  1790 | D:2      | Found a glowing silver altar of Zin.
  2297 | D:3      | Found a blossoming altar of Fedhas.
  2322 | D:3      | Reached skill level 5 in Axes
  2808 | D:3      | Became a worshipper of Fedhas Madash
  3021 | D:4      | Reached XP level 5. HP: 46/46 MP: 4/4
  3022 | D:4      | Noticed an ogre
  3028 | D:4      | Killed an ogre
  3029 | D:4      | Reached skill level 6 in Axes
  3544 | D:4      | Reached XP level 6. HP: 45/55 MP: 5/5
  3750 | D:4      | Found Julexet's Book Boutique.
  4127 | D:5      | Entered Level 5 of the Dungeon
  4143 | D:5      | Reached skill level 5 in Fighting
  4143 | D:5      | Reached skill level 7 in Axes
  4359 | D:5      | Reached XP level 7. HP: 61/61 MP: 6/6
  4364 | D:5      | Noticed Ijyb
  4382 | D:5      | Killed Ijyb
  4451 | D:5      | Reached * piety under Fedhas
  4452 | D:5      | Reached skill level 1 in Invocations
  4454 | D:5      | Reached skill level 8 in Axes
  4684 | D:5      | Found Ongi Ygg's Distillery.
  4690 | D:5      | Bought a potion of mutation for 104 gold pieces
  4690 | D:5      | Bought a potion of attraction for 39 gold pieces
  4690 | D:5      | Bought a potion of lignification for 39 gold pieces
  4690 | D:5      | Bought a potion of brilliance for 52 gold pieces
  4690 | D:5      | Bought a potion of curing for 39 gold pieces
  4690 | D:5      | Bought a potion of flight for 39 gold pieces
  5113 | D:5      | Found a broken altar of Ashenzari.
  5159 | D:6      | Noticed Pikel
  5473 | D:4      | Reached skill level 9 in Axes
  5473 | D:4      | Reached XP level 8. HP: 67/71 MP: 8/8
  6285 | D:6      | Reached ** piety under Fedhas
  6361 | D:6      | Found Uniedoto's Armour Shop.
  6362 | D:6      | Noticed Grinder
  6372 | D:6      | Killed Grinder
  6373 | D:6      | Reached skill level 10 in Axes
  6654 | D:6      | Reached XP level 9. HP: 25/79 MP: 11/11
  6660 | D:6      | Reached skill level 11 in Axes
  6932 | D:6      | Noticed Dowan
  6945 | D:6      | Killed Dowan
  6950 | D:6      | Noticed Duvessa
  6981 | D:6      | Killed Duvessa
  7788 | D:7      | Reached skill level 5 in Invocations
  8389 | D:7      | Reached skill level 12 in Axes
  8528 | D:7      | Noticed a deep elf pyromancer
  8534 | D:7      | Noticed a troll
  8539 | D:7      | Noticed a two-headed ogre
  8540 | D:7      | Noticed a two-headed ogre
  8545 | D:7      | HP: 2/118 [troll (9)]
  8546 | D:7      | Mangled by a two-headed ogre

Illustrated notes

Levels and vault maps discovered:
D:1:      kennysheep_arrival_forest, layout_rooms,
          shapermc_ecumenical_altar_flowoftime, minmay_misc_feat_secret_circle
D:2:      layout_loops_ring, basic_altar, minmay_randomly_rotated_circles
D:3:      layout_rooms, amcnicky_altar_gilded
D:4:      layout_basic, serial_shops, shop_fountains
D:5:      layout_cave_pools, kennysheep_mini_moat, serial_shops, shop_statue,
          uniq_ijyb
D:6:      layout_basic, serial_shops, shop, chequers_hall_statues_y,
          minmay_fractal_squares_5, uniq_pikel, uniq_grinder, uniq_duvessa
D:7:      nzn_winding_woodlands_cross [nzn_winding_woodlands_5x15_cabin,
          nzn_winding_woodlands_5x15_concentric,
          nzn_winding_woodlands_5x15_longhouse,
          nzn_winding_woodlands_5x15_split_checker,
          nzn_winding_woodlands_15x15_thick_spiral], layout_basic,
          nzn_wu_jian_council_hall, nrook_mini_vaults, minivault_11,
          amcnicky_mini_pool_medium, uniq_harold, uniq_joseph

Skill      XL: |  1  2  3  4  5  6  7  8  9 |
---------------+----------------------------+-----
Armour         | 4 |  4.2
Shields        | 4 |  4.0
Axes           | 4 5 6 7 9 10 12 | 12.2
Fighting       | 4 5 6 7 |  7.3
Invocations    | 2 4 5 |  5.8
Stealth        | |  0.1

Action                   |  1- 3 |  4- 6 |  7- 9 || total
-------------------------+-------+-------+-------++-------
Melee: War axe           |    97 |    94 |   219 ||   410
       Headbutt          |    18 |    17 |    47 ||    82
  Use: Potion            |       |       |     6 ||     6
       Scroll            |       |       |    17 ||    17
Armor: Scale mail        |    29 |       |       ||    29
       Ring mail         |    18 |    44 |    95 ||   157
Dodge: Dodged            |    34 |    33 |    88 ||   155
Block: Kite shield       |    54 |    39 |   152 ||   245

Table legend: (Time is in decaauts)
 A = Elapsed time spent in this place.
 B = Non-inter-level travel time spent in this place.
 C = Inter-level travel time spent in this place.
 D = Time resting spent in this place.
 E = Time spent auto-exploring this place.
 F = Levels seen in this place.
 G = Mean time per level.
                   A        B        C        D        E       F      G
               +--------+--------+--------+--------+--------+-----+--------+
         Total |   8693 |   8327 |    366 |   2528 |   4665 |   7 | 1241.9 |
       Dungeon |   8693 |   8327 |    366 |   2528 |   4665 |   7 | 1241.9 |
               +--------+--------+--------+--------+--------+-----+--------+

Top non-repeatable levels by time:
     D:6: 2157 daAuts
     D:5: 1714 daAuts
     D:4: 1445 daAuts
     D:2: 1308 daAuts
     D:1: 969 daAuts
     D:7: 597 daAuts
     D:3: 500 daAuts
